Cogmind - Beta 12 @@@ ROGUE MODE // 2023.08.10 @ 00:55:23 Player: Roxy Result: Core destroyed Performance ------------- Evolutions (0) 0 Regions Visited (1) 200 Robots Destroyed (18) 90 Value Destroyed (414) 414 Prototype IDs (0) 0 Alien Tech Used (0) 0 Bonus (0) 0 TOTAL SCORE: 704 Bonus ------- None Cogmind --------- Core Integrity 0/250 Matter 178/300 Energy 99/250 System Corruption 1% Temperature Critical (636) Movement Walking (260) Ox2 Location -10/Materials Parts ------- > --- POWER (1) -------- Ion Engine > --- PROPULSION (2) --- Aluminum Leg > --- UTILITY (2) ------ Large Storage Unit Signal Interpreter > --- WEAPON (2) ------- Medium Laser Light Assault Rifle > --- INVENTORY (15) --- Aluminum Leg Grenade Launcher Peak State ------------ > --- POWER ------------ Ion Engine > --- PROPULSION ------- Aluminum Leg Aluminum Leg > --- UTILITY ---------- Small Storage Unit Signal Interpreter > --- WEAPON ----------- EM Pulse Gun EM Pulse Gun > --- INVENTORY -------- Ion Engine EM Pulse Gun Light Assault Rifle Grenade Launcher [Rating: 7] Favorites ----------- Power Ion Engine Engine Ion Engine Propulsion Aluminum Leg Leg Aluminum Leg Utility Signal Interpreter Storage Small Storage Unit Processor Signal Interpreter Weapon EM Pulse Gun Energy Gun EM Pulse Gun Ballistic Gun Light Assault Rifle Build | -11 -10 ------- Run | Jun Mat Slots Evolved . | . . Power . | . . Propulsion . | . . Utility . | . . Weapon . | . . Parts Attached 12 | 6 6 Power 2 | 1 1 Engine 2 | 1 1 Core . | . . Reactor . | . . Propulsion 2 | 2 . Treads . | . . Leg 2 | 2 . Wheel . | . . Hover . | . . Flight . | . . Utility 3 | 1 2 Device . | . . Storage 2 | 1 1 Processor 1 | . 1 Hackware . | . . Protection . | . . Artifact . | . . Weapon 5 | 2 3 Energy Gun 4 | 2 2 Energy Cannon . | . . Ballistic Gun 1 | . 1 Ballistic Cannon . | . . Launcher . | . . Special Weapon . | . . Impact Weapon . | . . Slashing Weapon . | . . Piercing Weapon . | . . Special Melee Weapon . | . . Unidentified Prototypes . | . . Parts Lost 5 | . 5 Power 1 | . 1 Propulsion 1 | . 1 Utility . | . . Weapon 3 | . 3 Highest Loss Streak 5 | . 5 To Critical Strikes . | . . Average Slot Usage (%) 98 | . 98 Engine 14 | . 14 Leg 27 | . 27 Storage 14 | . 14 Processor 13 | . 13 Energy Gun 27 | . 27 Naked Turns . | . . Heaviest Build 29 | 14 29 Greatest Support 20 | 20 20 Greatest Overweight (x) 2 | . 2 Average Overweight (x) . | . . Largest Inventory Capacity 15 | 8 15 Average Capacity 8 | 6 9 Most Carried 7 | 5 7 Average Carried 5 | 2 5 Final Capacity 15 | 8 15 Final Carried 2 | 2 2 Class Distribution -------------------- 100% | Mutant Dominant Class ---------------- Mutant | -10/Materials Resources | -11 -10 ----------- Run | Jun Mat Matter Collected 270 | 227 43 Remotely . | . . Salvage Created 567 | . 567 Parts 39 | . 39 Haulers Intercepted . | . . Recyclers Shooed . | . . Parts Field Recycled . | . . Retrieved Matter . | . . Parts Self-Destructed . | . . Prevented . | . . Kills | -11 -10 ------- Run | Jun Mat Combat Hostiles Destroyed 14 | . 14 Guns 11 | . 11 AOE 3 | . 3 Classes Destroyed 5 | . 5 Worker 1 | . 1 Recycler 1 | . 1 Watcher 2 | . 2 Swarmer 6 | . 6 Grunt 8 | . 8 Best Kill Streak 7 | . 7 Combat Bots Only 6 | . 6 Max Kills in Single Turn 2 | . 2 Gunslinging . | . . Exploded 2 | . 2 Melee . | . . Uniques/NPCs Destroyed . | . . Combat | -11 -10 -------- Run | Jun Mat Damage Taken 677 | . 677 Core 256 | . 256 Absorbed by Shields . | . . Core Remaining (%) 100 | 100 . Volleys Fired 32 | . 32 Largest 2 | . 2 Hottest 90 | . 90 Shots Fired 61 | . 61 Gun 61 | . 61 Cannon . | . . Launcher . | . . Special . | . . Kinetic 1 | . 1 Thermal 8 | . 8 Explosive . | . . Electromagnetic 52 | . 52 Robot Hit Streak 5 | . 5 Robot Miss Streak 3 | . 3 Penetration Max . | . . Secondary Targets 3 | . 3 Max Gunslinging Chain 1 | . 1 Shots Hit Robots 35 | . 35 Core Hits 24 | . 24 Critical Kills . | . . Critical Parts Destroyed . | . . Critical Strikes 1 | . 1 Burn 1 | . 1 Melee Attacks . | . . Impact . | . . Slashing . | . . Piercing . | . . Sneak Attacks . | . . Combat Hostiles . | . . Follow-up Attacks . | . . Damage Inflicted 710 | . 710 Guns 481 | . 481 Cannons . | . . Explosions 229 | . 229 Melee . | . . Ramming . | . . Kinetic 8 | . 8 Thermal 291 | . 291 Explosive . | . . Electromagnetic 411 | . 411 Impact . | . . Slashing . | . . Piercing . | . . Highest Corruption 1 | . 1 Average Corruption 1 | . 1 Corruption Purged . | . . Corruption Blocked . | . . Effects 2 | . 2 Matter Fused 1 | . 1 Heat Flow Errors 1 | . 1 Overload Shots . | . . Overflow Damage . | . . Projectiles . | . . Explosions . | . . Melee . | . . Knockbacks . | . . Impact . | . . Kinetic . | . . Secondary . | . . Self-Inflicted Damage . | . . Shots . | . . Rammed . | . . Targets Rammed . | . . Kicked . | . . Crushed . | . . Highest Temperature 714 | . 714 Average Temperature 164 | . 164 Received Heat Transfer 261 | . 261 Effects 11 | . 11 Shutdowns 2 | . 2 Interference 2 | . 2 Matter Decay 2 | . 2 Damage (core) 5 | . 5 Siege Activations . | . . Robots Corrupted . | . . Combat Hostiles . | . . Parts Fried . | . . Impact Corruptions . | . . Robots Melted . | . . Combat Hostiles . | . . Parts Melted 1 | . 1 Heat Transferred 559 | . 559 Parts Sabotaged . | . . Parts Stolen . | . . Parts Stripped . | . . Power Chain Reactions 4 | . 4 Missiles Intercepted . | . . Alert | -11 -10 ------- Run | Jun Mat Peak Influence 304 | . 304 Initial . | . . Average 163 | . 178 Maximum Alert Level 1 | . 1 Low Security (%) 67 | 100 64 Level 1 32 | . 35 Level 2 . | . . Level 3 . | . . Level 4 . | . . Level 5 . | . . High Security . | . . Max Security . | . . Squads Dispatched 3 | . 3 Investigation 2 | . 2 Extermination . | . . Reinforcement 1 | . 1 Assault . | . . Garrison . | . . Intercept . | . . Searches Triggered . | . . Construction Impeded . | . . Haulers Reinforced . | . . Active Scanning Responses . | . . Cargo Convoy Interrupts . | . . Stealth | -11 -10 --------- Run | Jun Mat Distress Signals 2 | . 2 Communications Jammed . | . . Distress Signals . | . . Times Spotted 19 | . 19 Peak Tracking Total 5 | . 5 Tactical Retreats 1 | . 1 Traps | -11 -10 ------- Run | Jun Mat Traps Triggered 2 | . 2 Indirectly . | . . Trap Hack Attempts . | . . Triggered . | . . Disarmed . | . . Reprogrammed . | . . Reused . | . . Traps Extracted . | . . Installed . | . . Triggered . | . . Machines | -11 -10 ---------- Run | Jun Mat Machines Disabled 3 | . 3 Max in Single Turn 2 | . 2 Machines Repaired . | . . Machines Sabotaged . | . . Overloaded Fab Kills . | . . Hacking | -11 -10 --------- Run | Jun Mat Machines Accessed 3 | . 3 Terminals 3 | . 3 Fabricators . | . . Repair Stations . | . . Recycling Units . | . . Scanalyzers . | . . Garrison Access . | . . Total Hacks 7 | . 7 Successful 3 | . 3 Failed 4 | . 4 Catastrophic 1 | . 1 Database Lockouts . | . . Manual . | . . Terminals 7 | . 7 Fabricators . | . . Repair Stations . | . . Recycling Units . | . . Scanalyzers . | . . Garrison Access . | . . Terminal Hacks 3 | . 3 Robot Analysis 1 | . 1 Terminal Index 1 | . 1 Zone Layout 1 | . 1 Fabricator Hacks . | . . Repair Station Hacks . | . . Recycling Unit Hacks . | . . Scanalyzer . | . . Garrison Access Hacks . | . . Unauthorized Hacks . | . . Terminals . | . . Fabricators . | . . Repair Stations . | . . Recycling Units . | . . Scanalyzers . | . . Garrison Access . | . . Data Cores Recovered . | . . Used . | . . Hacking Detections 2 | . 2 Full Trace Events 1 | . 1 Feedback Events . | . . Feedback Blocked . | . . Robot Schematics Acquired . | . . Robots Built . | . . Authchips . | . . Time . | . . Total Robot Build Rating . | . . Part Schematics Acquired . | . . Parts Built . | . . Authchips . | . . Time . | . . Total Part Build Rating . | . . Parts Repaired . | . . Time . | . . Parts Recycled . | . . Recycled Matter . | . . Retrieved Matter . | . . Retrieved Components . | . . Parts Scanalyzed . | . . Part Schematics Acquired . | . . Parts Damaged . | . . Bothacking | -11 -10 ------------ Run | Jun Mat Used RIF Installer . | . . Robots Hacked . | . . Non-combat . | . . Combat . | . . Robot Hacks Applied . | . . Relay Couplers Released . | . . Fabnet Peak Effective % . | . . Robots Rewired . | . . Allies Hacked . | . . Hacks Repelled . | . . Allies | -11 -10 -------- Run | Jun Mat Total Allies . | . . Largest Group . | . . Highest-Rated Group . | . . Highest-Rated Ally . | . . Total Orders . | . . Ally Attacks . | . . Total Damage . | . . Kills . | . . Allies Corrupted . | . . Allies Melted . | . . Intel | -11 -10 ------- Run | Jun Mat Robot Analysis Total 1 | . 1 Derelict Logs Recovered . | . . Drone Launches . | . . Drone Recoveries . | . . Exploration | -11 -10 ------------- Run | Jun Mat Turns Passed 529 | 45 484 Spaces Moved 330 | 34 296 Core 11 | 11 . Treads . | . . Legs 319 | 23 296 Wheels . | . . Hover . | . . Flight . | . . Fastest Speed 50 | 50 120 Average Speed 120 | 97 123 Slowest Speed 260 | 120 260 Overloaded Moves . | . . Propulsion Burnouts . | . . Robots Hopped . | . . Cave-ins Triggered . | . . Exploration Rate (%) 31 | 3 59 Regions Visited 1 Branch Regions . Pre-discovered Areas . | . . Known Exits Taken . | . . Unknown Exits Taken 1 | 1 . Scrap Searched . | . . Spaces Dug . | . . Terrain Destroyed 16 | . 16 Melee . | . . Projectile . | . . AOE 16 | . 16 Terrain Rammed . | . . Walls Destroyed . | . . Machines Disabled . | . . Actions | -11 -10 --------- Run | Jun Mat Total 401 | 44 357 Wait 16 | . 16 Move 329 | 33 296 Hop . | . . Pick Up 11 | 5 6 Fast Attach 3 | 3 . Attach 8 | 3 5 Detach . | . . Swap 1 | . 1 Drop 1 | . 1 Fire 32 | . 32 Melee . | . . Ram . | . . Kick . | . . Crush . | . . Escape Stasis . | . . Rewire . | . . Trap . | . . Miscellaneous . | . . Route ------- -11/Junkyard -10/Materials (discovered 2 exits: *Mat / *Min) History --------- Turn | Location | Event 11 | -11/Junkyard | Discovered new exit (range 16) 46 | -11/Junkyard | Entered Materials 306 | -10/Materials | Build established: Mutant 351 | -10/Materials | Discovered new exit (range 9) 366 | -10/Materials | Discovered new exit (range 6) 372 | -10/Materials | Identified exit to Mines 391 | -10/Materials | Identified exit to Materials 527 | -10/Materials | Core integrity fell below 50% 529 | -10/Materials | Core integrity fell below 20% 531 | -10/Materials | Core destroyed Last Messages --------------- K-01 Serf collects debris. System corrupted: Heat flow error (+277). Overheating: Matter decay (-34). Power failure, Ion Engine shutdown. K-01 Serf collects debris. Overheating: System interference. Med. Laser temporarily disabled. Overheating: Core damaged (-32). Overheating: Core damaged (-25). K-01 Serf collects debris. EM Pulse Gun destroyed. Overheating: Core damaged (-47). Power failure, Ion Engine shutdown. G-34 Mercenary destroyed. K-01 Serf collects debris. Overheating: Core damaged (-47). K-01 Serf collects debris. Overheating: System interference. Signal Interpreter temporarily disabled. Overheating: Core damaged (-40). Map ----- +----------------------------------------------------+ | # ??# =%#???######## T + | | # ##==*#??????????# ### # """"" | | # # ####%#???############### # """"?? | | # # #??#[#???# # #? """"?? | | # # #??#=#???# """ """ """ + #?######?? | | #+#############??# #???# """ """ """ # #????????? | | #?????????# #???# """ """ """ #+#########?? | | """ ########### #???# # ==!#?? | | """"" # ## #???# # ==!#?? | | """"" " ## #???############### =!!#?? | | """"" " = ## ####??????????????#! #?? | | """ " % # ###########????###########?? | | " ! "" # ????????????????? | | #+###### """ + ???????????????? | | #??# R" # ????????????????? | | #??# """ # ###+## ?????????????????? | | T #??# ## ##??????????????????????????? | | #??##########T #???????????????????????????? | | ]#???????????## #???????????????????????????? | | # ###????????????# #???????????#???????????????? | | #+##########??#### #?????????? #???????????????? | | """ """ #?##! #???????? #???????????????? | | """ """ #?#! #??????? #???????????????? | | """ """ #?#! ####### #???????????????? | | #?#! %=a #???????????????? | | #?#! [ | @k #???????????????? | | #?##! " =%= #???????????????? | | ! #??#### " k!^ #???????????????? | | ############?????# "=*%[[ #???????????????? | | ##???????????????# %!=[%= #???????????????? | | #???????????????# !==%!!!! ^#???????????????? | | #?????????????? ^" *%[ ^! #???????????????? | | #?????????????] """ =!!! #???????????????? | | #????????????]] """ =%= ??????????????? | | "#???????????#]] ^ #?????????????? | | ##????????????]] ? o #?????????????? | | #?????????????]] """ """ [ ?????????????? | | ???????????????### "" """ ??????????????? | | ?????????????????? "?" ??? #????????????????? | | ?????????????????? ?? a ???? ???????????????????? | | ??????????????????????? ????????????????????????? | | ?????????????????????????????????????????????????? | | ?????????????????????????????????????????????????? | | ?????????????????????????????????????????????????? | | ?????????????????????????????????????????????????? | | ?????????????????????????????????????????????????? | | ?????????????????????????????????????????????????? | | ?????????????????????????????????????????????????? | | ?????????????????????????????????????????????????? | | ?????????????????????????????????????????????????? | +----------------------------------------------------+ Best States ------------- Heat Dissipation 25 Energy Generation 10 Energy Capacity 250 Matter Stores 300 Matter Capacity 300 Sight Range 16 Terrain Scan Density 10 Evasion (%) 55 Item Schematics ----------------- None Robot Schematics ------------------ None Fabricated ------------ Nothing Alien Tech Used ----------------- None Achievements -------------- None Challenges ------------ None Game ------ Seed FactoryChromaticSink Manual? 0 Play Time 00:07:10 Cumulative 15.0 hours Start 2023.08.10 @ 00:49:54 End 2023.08.10 @ 00:55:23 Sessions 1 Manual Loads 0 Difficulty Rogue Special Mode None Game No. 25 Rogue 25 Adventurer 0 Explorer 0 Win Type - Total 0 Types 0/0/0/0/0/0/0/0/0 Lore% 18 Gallery% 20 Achievement% 16 Wizard Run 0 Options --------- ASCII 0 Keyboard 0 Movement Mouse Keybinds 0 Fullscreen 1 Font 18/SmallcapsGlow Map View 76x50 Tactical HUD 0 Map Filters NONE Filters NONE Steam 1 RUN: 635af3b9-f0bf-4b93-a59b-19bdd5270bf7